 Dungeon Crawl Stone Soup version 0.27-a0-1434-g6f15984924 (webtiles) character file.

Game seed: 453141038179041882

21 funkygono the Skirmisher (level 2, -3/19 HPs)
             Began as a Gargoyle Fighter on July 3, 2021.
             Slain by a quokka (4 damage)
             ... on level 1 of the Dungeon.
             The game lasted 00:01:23 (871 turns).

funkygono the Skirmisher (Gargoyle Fighter)          Turns: 871, Time: 00:01:24

Health: -3/19      AC:  9    Str: 19    XL:     2   Next: 83%
Magic:  2/2        EV:  7    Int:  8    God:
Gold:   39         SH:  9    Dex:  9    Spells: 1/1 levels left

rFire    . . .     SeeInvis .   a - +0 flail
rCold    . . .     Faith    .   c - +0 kite shield
rNeg     + . .     Spirit   .   b - +0 scale mail
rPois    ∞         Reflect  .   (no helmet)
rElec    +         Harm     .   (no cloak)
rCorr    .         Rampage  .   (no gloves)
Will     .....                  (no boots)
Stlth    ..........             (no amulet)
HPRegen  0.06/turn              (no ring)
MPRegen  0.08/turn              (no ring)

@: very slow
A: sickness immunity, AC +2, negative energy resistance 1, electricity
resistance, torment resistance 1, petrification resistance
a: no special abilities


You were on level 1 of the Dungeon.
You visited 1 branch of the dungeon, and saw 1 of its levels.

You collected 39 gold pieces.

Inventory:

Hand Weapons
 a - a +0 flail (weapon)
Missiles
 g - 3 stones (quivered)
 i - 27 arrows
Armour
 b - a +0 scale mail (worn)
 c - a +0 kite shield (worn)
Scrolls
 e - a scroll of immolation {unknown}
 f - a scroll of teleportation {unknown}
Potions
 d - a potion of might
 h - a potion of resistance {unknown}


   Skills:
 + Level 3.6 Fighting
 + Level 2.2 Maces & Flails
 + Level 3.4 Armour
 + Level 0.2 Dodging
 + Level 3.6 Shields


You had one spell level left.
You didn't know any spells.
Your spell library was empty.

Dungeon Overview and Level Annotations

Branches:
Dungeon (1/15)

Altars:


Innate Abilities, Weirdness & Mutations

You are immune to sickness and miasma.
Your stone body is resilient. (AC +2)
You are immune to poison.
You resist negative energy. (rN+)
You are resistant to electric shocks. (rElec)
You are resistant to unholy torment.
You are immune to petrification.


Message History

You see here 15 gold pieces.
Things that are here:
a +0 club; a goblin corpse A quokka comes into view.
A kobold comes into view. It is wielding a +0 short sword.
The kobold shouts!
The kobold closely misses you.
You barely miss the kobold. You block the kobold's attack.
You hit the kobold.
You kill the kobold!
The quokka bites you but does no damage. x2
The kobold hits you with a +0 short sword.
You block the quokka's attack.
Things that are here:
a +0 whip; a +0 club; a goblin corpse The kobold hits you with a +0 short sword.
The quokka bites you.
You see here a rat corpse.
The quokka bites you but does no damage.
The kobold hits you with a +0 short sword.
Things that are here:
a +0 whip; a +0 club; a goblin corpse You closely miss the kobold.
The quokka bites you but does no damage.
You block the kobold's attack. You block the quokka's attack.
The kobold hits you with a +0 short sword.
* * * LOW HITPOINT WARNING * * *
You closely miss the kobold. You block the quokka's attack.
The kobold hits you but does no damage. The quokka barely misses you.
You barely miss the kobold. You block the quokka's attack.
The kobold hits you with a +0 short sword.
* * * LOW HITPOINT WARNING * * *
The quokka bites you but does no damage.
The kobold hits you but does no damage. The quokka barely misses you.
You block the kobold's attack. You block the quokka's attack.
You enter the shallow water.
Moving in this stuff is going to be slow.
The quokka bites you.
You die...

###### ## ###....### ##.
#...≈≈...# #####..
#############.≈≈≈≈≈..# ###.....#
....#.........≈≈≈≈≈..####...#####
...........#..≈≈≈≈≈...÷...###
..............≈≈≈≈≈(########
...............r@≈..### .#
........†).....K......###..#
.............##.#........(#
.............##.#......##.# #
......$......##...........# #
...........#.###.........## ###
....#.....##.# #..>......######..
#########.##.# #.................
#.##.# #.##.#.##.##...#.#


You could see a quokka and a kobold.

Vanquished Creatures
  3 endoplasms (D:1)
  2 giant cockroaches (D:1)
  A goblin (D:1)
  3 hobgoblins (D:1)
  A quokka (D:1)
  A bat (D:1)
  6 frilled lizards (D:1)
  2 kobolds (D:1)
  A rat (D:1)
20 creatures vanquished.

Notes
Turn   | Place    | Note
-------+----------+-------------------------------------------
     0 | D:1      | funkygono the Gargoyle Fighter began the quest for the Orb.
     0 | D:1      | Reached XP level 1. HP: 14/14 MP: 1/1
    83 | D:1      | Found a faded altar of an unknown god.
    89 | D:1      | Reached XP level 2. HP: 15/19 MP: 2/2
   871 | D:1      | Slain by a quokka

Illustrated notes

Levels and vault maps discovered:
D:1:      amcnicky_arrival_choice, layout_rooms, ebering_ecumenical_altar_box,
          minmay_lizard_pond

Action                   || total
-------------------------++-------
Melee: Flail             ||   100
Throw: Stone             ||    15
Armor: Scale mail        ||    59
Dodge: Dodged            ||    31
Block: Kite shield       ||    50

Table legend: (Time is in decaauts)
 A = Elapsed time spent in this place.
 B = Non-inter-level travel time spent in this place.
 C = Inter-level travel time spent in this place.
 D = Time resting spent in this place.
 E = Time spent auto-exploring this place.
 F = Levels seen in this place.
 G = Mean time per level.
                   A        B        C        D        E       F      G
               +--------+--------+--------+--------+--------+-----+--------+
         Total |    930 |    930 |      0 |      0 |    676 |   1 |  930.0 |
       Dungeon |    930 |    930 |      0 |      0 |    676 |   1 |  930.0 |
               +--------+--------+--------+--------+--------+-----+--------+

Top non-repeatable levels by time:
     D:1: 930 daAuts
